AoeStats
← Ger_Ald

Arabia

508525493Analyzed
1v1 RM · 9d ago on Sep 22, 2026· 39m 49s· 2 players
Game mode
Random Map
Map size
Tiny (2 player)
Population
200
Speed
Normal
Resources
Standard
Victory
Conquest
Starting age
Dark Age
Ending age
Imperial Age
RankedLock teamsTeams togetherTeam positionsShared explorationLock speedFull tech treeHidden civsTurbo modeCheats
Victory
Defeat
🇲🇽 Spanish · Mexico
1087
+18
🇩🇪 Magyars · Germany
1138
-49
Dr. Tonny
4:37 Loom
9:28 Feudal Age
21:59 Castle Age
19:52 Horse Collar
20:50 Double-Bit Axe
22:59 Town Watch
23:51 Wheelbarrow
23:21 Heavy Plow
25:57 Wheelbarrow
26:15 Ballistics
26:29 Husbandry
31:21 Scale Barding Armor
31:27 Forging
39:18 Imperial Age
37:05 Bloodlines
37:57 Iron Casting
39:21 Chain Barding Armor
Ger_Ald
7:38 Loom
10:12 Feudal Age
11:45 Double-Bit Axe
18:43 Horse Collar
23:14 Castle Age
22:27 Scale Barding Armor
22:59 Bloodlines
24:15 Bow Saw
27:47 Gold Mining
28:51 Wheelbarrow
28:23 Husbandry
35:27 Fletching
37:09 Gold Shaft Mining
37:03 Hand Cart
36:54 Padded Archer Armor
Connection lost

Rejoining the realm…

Still unreachable

The connection could not be restored.

Session expired

The server has moved on; the page needs a fresh start.